 Dungeon Crawl Stone Soup version 0.19.0-18-g426998a (webtiles) character file.

840 cedor the Basher (level 8, -1/79 HPs)
             Began as an Ogre Artificer on Nov 11, 2016.
             Slain by Prince Ribbit (13 damage)
             ... on level 5 of the Dungeon.
             The game lasted 00:27:15 (6935 turns).

cedor the Basher (Ogre Artificer)                   Turns: 6935, Time: 00:27:15

Health: -1/79      AC:  4    Str: 20    XL:     8   Next: 0%
Magic:  9/9        EV: 14    Int: 11    God:    Xom [.....*]
Gold:   892        SH:  0    Dex: 11    Spells: 0 memorised, 7 levels left

rFire  . . .     SeeInvis .     l - +1 flail
rCold  . . .     Gourm    .     b - +1 robe
rNeg   . . .     Faith    .     (no shield)
rPois  .         Spirit   .     (helmet restricted)
rElec  .         Reflect  .     (no cloak)
rCorr  .         Harm     .     (gloves unavailable)
MR     .....                    (boots unavailable)
Stlth  +.........               (no amulet)
                                r - +2 ring of strength
                                y - +4 ring of evasion

@: no status effects
A: unfitting armour, tough skin 1
a: Renounce Religion


You were on level 5 of the Dungeon.
You worshipped Xom.
You were Xom's teddy bear.
You were not hungry.

You visited 1 branch of the dungeon, and saw 6 of its levels.

You collected 892 gold pieces.


Innate Abilities, Weirdness & Mutations

You are too large for most types of armour.
You have tough skin. (AC +1)


   Skills:
 + Level 4.9 Fighting
   Level 0.5 Short Blades
 * Level 9.0 Maces & Flails
 + Level 2.9 Throwing
 - Level 2.2 Dodging
 - Level 0.6 Stealth
 - Level 2.4 Evocations


You had 7 spell levels left.
You didn't know any spells.

Inventory:

Hand Weapons
 a - a +0 whip
 l - a +1 flail (weapon)
 s - a +0 giant spiked club
Missiles
 u - 7 curare-tipped needles {=f}
 v - 5 tomahawks
 x - 3 tomahawks of returning (quivered)
 D - 6 javelins
Armour
 b - a +1 robe (worn)
Jewellery
 r - a +2 ring of strength (right hand)
 y - a +4 ring of evasion (left hand)
Wands
 c - a wand of flame (0/48)
 d - a wand of enslavement (15/24)
 e - a wand of random effects (27/48)
 z - a wand of teleportation (4/9) {!d@v4}
Scrolls
 j - a scroll of remove curse
 k - a scroll of teleportation {@r4}
 o - a scroll of fear
 w - 2 scrolls of enchant armour
 A - a scroll of acquirement {unknown}
 B - a scroll of identify {@r1}
Potions
 h - a potion of brilliance {unknown}
 i - a potion of invisibility {unknown}
 n - a potion of flight
 p - 2 potions of curing {@q1}
 q - 2 potions of heal wounds {@q2}
 C - a potion of lignification {unknown}
 E - 2 potions of ambrosia {unknown}
Comestibles
 f - 4 bread rations
 g - 4 meat rations
 m - a chunk of flesh
 t - a royal jelly

Dungeon Overview and Level Annotations

Branches:
Dungeon (6/15)             Temple (0/1) D:5

Altars:
Ashenzari
Dithmenos
Elyvilon
Hepliaklqana
Trog
Xom
The Shining One

Shops:
D:4 !

Annotations:
D:2 Sigmund
D:5 Eustachio, Prince Ribbit
D:6 Edmund

▒.▒▒▒.▒ ▒▒ .▒
▒▒▒▒▒▒▒.....▒ . .
▒........▒▒▒▒ .▒.
▒.▒▒▒▒▒▒▒▒ ▒ ... ▒.▒
▒ ▒.▒ ▒.▒ ▒
▒▒▒▒▒▒▒.▒▒▒▒.▒ ▒▒
..(..........▒▒ ▒.
.▒▒O▒▒▒▒..▒▒ ▒.
▒F▒▒▒▒...▒▒▒ ▒.
▒h>....▒.▒>▒ ▒▒
▒......._..▒▒
▒.▒▒...▒.▒..▒
▒.▒▒.▒▒▒.▒_.▒▒▒▒▒▒
▒.▒▒.▒▒.▒ ▒..........
▒.▒▒.▒▒.▒▒▒.▒..▒▒▒▒▒▒
▒.▒▒.▒▒..._........▒


You could see Prince Ribbit and a hound.


Message History

The hound bites you.
* * * LOW HITPOINT WARNING * * *
Prince Ribbit closely misses you. The hound bites you.
* * * LOW HITPOINT WARNING * * *
Prince Ribbit blinks!
The hound bites you but does no damage. Xom briefly touches your surroundings.
An orc comes into view. It is wielding a flail.
The orc shouts!
The hound closely misses you.
The orc throws a stone.
The stone misses you.
The stone misses the hound.
Edmund grinds his teeth, and then sighs.
The orc throws a stone.
The stone closely misses you. The hound barely misses you.
The orc throws a stone.
The stone barely misses you. The hound misses you.
There is a stone staircase leading up here.
The hound bites you but does no damage.
The orc evokes its amulet.
The orc goes berserk!
Prince Ribbit hits you.
* * * LOW HITPOINT WARNING * * *
You climb upwards.
Level annotation: Eustachio
There is a stone staircase leading down here.
The hound bites you.
* * * LOW HITPOINT WARNING * * *
You see here a quarterstaff.
Prince Ribbit hits you!
You die...
Xom roars with laughter!

Action                   |  1- 3 |  4- 6 |  7- 9 || total
-------------------------+-------+-------+-------++-------
Melee: Club              |    45 |       |       ||    45
       Short sword       |     9 |       |       ||     9
       Whip              |   116 |   181 |       ||   297
       Flail             |       |   183 |   128 ||   311
       Unarmed           |       |       |     9 ||     9
Throw: Stone             |       |    13 |       ||    13
       Tomahawk          |       |     1 |       ||     1
Evoke: Wand              |    14 |     1 |    15 ||    30
  Use: Scroll            |       |    10 |       ||    10
       Potion            |       |     1 |       ||     1
 Stab: Sleeping          |     1 |       |     1 ||     2
  Eat: Chunk             |     4 |     8 |     5 ||    17
       Beef jerky        |       |     1 |     1 ||     2
Armor: Robe              |    70 |    82 |    21 ||   173
       Skin              |       |       |     2 ||     2
Dodge: Dodged            |   116 |   159 |   104 ||   379

Vault maps used:
D:1:      kilobyte_arrival_exit_the_forest, minmay_tree_intersection
D:2:      ecumenical_altar_2, kennysheep_generic_room_3, uniq_iyjb, uniq_sigmund
D:3:      tso_altar, first_bread, minmay_fountain_box
D:4:      chequers_temple_overflow_minitemple, gammafunk_temple_overflow_statue,
          serial_shops, shop_coins, kennysheep_another_room
D:5:      ashenzari_altar_1, kennysheep_little_box, uniq_eustachio,
          uniq_menkaure
D:6:      kennysheep_kobold_camp, lemuel_round_altar, serial_shops,
          nicolae_shop_trees, kennysheep_mini, shop, nicolae_shop_statue_plus,
          nicolae_shop_stone, centaur_isle, uniq_edmund, uniq_prince_ribbit1

Notes
Turn   | Place    | Note
-------+----------+-------------------------------------------
     0 | D:1      | cedor the Ogre Artificer began the quest for the Orb.
     0 | D:1      | Reached XP level 1. HP: 19/19 MP: 2/2
   102 | D:1      | Reached skill level 2 in Dodging
   264 | D:1      | Reached skill level 2 in Fighting
   264 | D:1      | Reached XP level 2. HP: 8/28 MP: 3/3
   893 | D:1      | Reached skill level 1 in Maces & Flails
  1453 | D:2      | Reached XP level 3. HP: 34/36 MP: 4/4
  1470 | D:2      | Reached skill level 2 in Maces & Flails
  1723 | D:2      | Reached skill level 3 in Maces & Flails
  1965 | D:2      | Reached XP level 4. HP: 31/44 MP: 5/5
  1972 | D:2      | Found a faded altar of an unknown god.
  2012 | D:2      | Became a worshipper of Xom of Chaos
  2063 | D:2      | Noticed Sigmund
  2105 | D:2      | Noticed Ijyb
  2118 | D:2      | Reached skill level 4 in Maces & Flails
  2128 | D:2      | Killed Ijyb
  2131 | D:2      | XOM: harmless Hex miscast
  2140 | D:2      | XOM: butterfly on damage
  2562 | D:3      | Reached skill level 5 in Maces & Flails
  2567 | D:3      | Reached XP level 5. HP: 36/50 MP: 6/6
  2740 | D:3      | XOM: potion effect (curing)
  2830 | D:4      | XOM is BORED!
  2830 | D:4      | XOM: silly message
  3102 | D:3      | XOM: silly message
  3341 | D:3      | Found a glowing golden altar of the Shining One.
  3923 | D:3      | Reached skill level 6 in Maces & Flails
  3964 | D:4      | Noticed an ogre
  3991 | D:3      | XOM: harmless Erth miscast
  4209 | D:3      | XOM: noise
  4235 | D:4      | Reached XP level 6. HP: 58/58 MP: 7/7
  4272 | D:4      | Found Sireim's Distillery.
  4287 | D:4      | Reached skill level 7 in Maces & Flails
  4291 | D:4      | Reached skill level 1 in Throwing
  4449 | D:4      | Found a hazy altar of Hepliaklqana.
  4449 | D:4      | Found a bloodstained altar of Trog.
  4496 | D:4      | Reached skill level 3 in Fighting
  4684 | D:4      | XOM is BORED!
  4684 | D:4      | XOM: summons 3 hostile shadow creatures
  5021 | D:4      | Found a faded altar of an unknown god.
  5021 | D:4      | Found a faded altar of an unknown god.
  5032 | D:4      | Found a faded altar of an unknown god.
  5034 | D:4      | Found a faded altar of an unknown god.
  5036 | D:4      | Found a white marble altar of Elyvilon.
  5234 | D:4      | XOM: polymorph orc wizard -> hound
  5246 | D:4      | Reached XP level 7. HP: 32/67 MP: 8/8
  5474 | D:5      | Entered Level 5 of the Dungeon
  5474 | D:5      | Found a staircase to the Ecumenical Temple.
  5487 | D:5      | Found a shadowy altar of Dithmenos.
  5534 | D:5      | XOM: noise
  5538 | D:5      | Reached skill level 8 in Maces & Flails
  5547 | D:5      | Identified a wand of teleportation
  5569 | D:5      | Noticed Menkaure
  5589 | D:5      | Killed Menkaure
  5589 | D:5      | Reached skill level 4 in Fighting
  5589 | D:5      | Reached skill level 2 in Throwing
  5624 | D:5      | XOM: scenery: create altars
  5920 | D:5      | Found a shattered altar of Ashenzari.
  5932 | D:5      | Noticed Eustachio
  5940 | D:5      | XOM: scenery: create altars
  5975 | D:5      | XOM: scenery: create altars
  6409 | D:5      | XOM: god gift: 610 gold pieces
  6413 | D:5      | XOM: summons 5 friendly demons
  6507 | D:5      | XOM: 6-stop teleportation journey
  6751 | D:6      | XOM: 1-stop teleportation journey
  6757 | D:6      | XOM: cleaving
  6764 | D:6      | XOM: enchant monster (good)
  6777 | D:6      | XOM: divine lightning (protected)
  6792 | D:6      | Reached skill level 9 in Maces & Flails
  6829 | D:6      | Reached XP level 8. HP: 41/79 MP: 9/9
  6839 | D:6      | XOM: scenery: create altars
  6911 | D:6      | Noticed Prince Ribbit
  6915 | D:6      | Noticed Edmund
  6926 | D:6      | XOM: scenery: create altars
  6935 | D:5      | Slain by Prince Ribbit

Vanquished Creatures
  Menkaure (D:5)
  A sky beast (D:5)
  An ogre (D:4)
  A scorpion (D:4)
  2 hounds (D:4)
  An orc wizard (D:4)
  2 iguanas
  Ijyb (D:2)
  A worker ant (D:5)
  A hound skeleton (D:5)
  6 gnolls
  9 adders
  An ooze (D:2)
  An adder skeleton (D:4)
  5 worms
  3 dart slugs
  5 leopard geckos
  15 orcs
  A ball python (D:2)
  11 bats
  3 giant cockroaches
  8 goblins
  6 hobgoblins
  11 jackals
  5 frilled lizards
  A jackal skeleton (D:4)
  12 kobolds
  3 leopard gecko skeletons
  3 rats
121 creatures vanquished.

Vanquished Creatures (others)
  A phantom (D:6)
1 creature vanquished.

Grand Total: 122 creatures vanquished
